 Dungeon Crawl Stone Soup version 0.27.0-1-g7a089689b8 (webtiles) character file.

Game seed: 7726458066487997359

23 ryw the Insei (level 2, -1/24 HPs)
             Began as a Demonspawn Monk on Aug 13, 2021.
             Was a Believer of Okawaru.
             Frozen to death by an endoplasm (5 damage)
             ... on level 1 of the Dungeon.
             The game lasted 00:01:35 (879 turns).

ryw the Insei (Demonspawn Monk)                      Turns: 879, Time: 00:01:36

Health: -1/24      AC:  2    Str: 11    XL:     2   Next: 75%
Magic:  2/2        EV: 12    Int: 11    God:    Okawaru [**....]
Gold:   29         SH:  4    Dex: 15    Spells: 1/1 levels left

rFire    + . .     SeeInvis .     - Unarmed
rCold    . . .     Faith    .   (no shield)
rNeg     . . .     Spirit   .   a - +0 robe
rPois    .         Reflect  .   (no helmet)
rElec    .         Harm     .   (no cloak)
rCorr    .         Rampage  .   (no gloves)
Will     .....                  (no boots)
Stlth    ++........             (no amulet)
HPRegen  0.08/turn              b - ring of protection from fire
MPRegen  0.08/turn              (no ring)

@: no status effects
A: large bone plates 1
a: Renounce Religion, Heroism


You were on level 1 of the Dungeon.
You worshipped Okawaru.
Okawaru was pleased with you.
You visited 1 branch of the dungeon, and saw 1 of its levels.

You collected 29 gold pieces.

Inventory:

Missiles
 d - 4 boomerangs (quivered)
Armour
 a - a +0 robe (worn)
Jewellery
 b - a ring of protection from fire (left hand)
Scrolls
 c - a scroll of vulnerability {unknown}
Potions
 e - a potion of curing {unknown}


   Skills:
 + Level 3.2 Fighting
 - Level 2.6 Dodging
 - Level 1.7 Stealth
 - Level 3.4 Unarmed Combat


You had one spell level left.
You didn't know any spells.
Your spell library was empty.

Dungeon Overview and Level Annotations

Branches:
Dungeon (1/15)

Altars:
Okawaru

Shops:
D:1 *:


Innate Abilities, Weirdness & Mutations

You are partially covered in large bone plates. (SH +4)


Message History

You hit the hobgoblin but do no damage.
The hobgoblin is severely wounded.
The goblin hits you with a +0 club. The hobgoblin hits you.
You hit the hobgoblin.
You kill the hobgoblin!
Okawaru accepts your kill. The goblin barely misses you.
Unknown command.
You block the goblin's attack.
You hit the kobold.
You kill the kobold!
Okawaru accepts your kill.
You hit the goblin.
The goblin is heavily wounded.
The goblin hits you with a +0 club.
You closely miss the goblin.
The goblin is heavily wounded.
The goblin hits you with a +0 club.
You hit the goblin.
You kill the goblin!
Okawaru accepts your kill.
You hit the hobgoblin.
The hobgoblin is moderately wounded.
The hobgoblin completely misses you.
You hit the hobgoblin.
The hobgoblin is almost dead.
The hobgoblin closely misses you.
You hit the hobgoblin.
You kill the hobgoblin!
Okawaru accepts your kill.
You hit the endoplasm.
The endoplasm is almost dead.
The endoplasm freezes you.
You are frozen.
* * * LOW HITPOINT WARNING * * *
You barely miss the endoplasm.
The endoplasm is almost dead.
The endoplasm freezes you.
You are frozen.
You die...

#### .# .... ...#######
.##..#. .........#
#####.......
#..##.>#########......#..#.
#..##..#⌠..∩..⌠#...........
#..##..#§§≈§≈.§#...††.#
#..##.##.§§≈≈≈§#.####.#
.......#§≈§≈≈≈§#J# ..
##.##.##.≈§§≈≈§#@# #.#
##.##.##..§≈≈..#.##### #
##.##†###...§.##.....#
......#####......###.#
#####.(....(⌠.⌠### #.# #
#.#####..∩.# #.# #
##.#####.⌠.⌠#####.# #
#.....##.#......#.##
#..##.##.#.####....##


You could see an endoplasm.

Vanquished Creatures
  A dart slug (D:1)
  2 bats (D:1)
  2 giant cockroaches (D:1)
  A goblin (D:1)
  3 hobgoblins (D:1)
  4 jackals (D:1)
  A quokka (D:1)
  2 kobolds (D:1)
  2 rats (D:1)
18 creatures vanquished.

Notes
Turn   | Place    | Note
-------+----------+-------------------------------------------
     0 | D:1      | ryw the Demonspawn Monk began the quest for the Orb.
     0 | D:1      | Reached XP level 1. HP: 18/18 MP: 1/1
   322 | D:1      | Found Qecwav Lyta's Book Shoppe.
   352 | D:1      | Found Issoowuil's General Store.
   386 | D:1      | Gained mutation: You are partially covered in large bone
                  | plates. (SH +4) [demonic ancestry]
   386 | D:1      | Reached XP level 2. HP: 20/24 MP: 2/2
   651 | D:1      | Found a faded altar of an unknown god.
   665 | D:1      | Became a worshipper of Warmaster Okawaru
   665 | D:1      | Reached * piety under Okawaru
   665 | D:1      | Reached ** piety under Okawaru
   879 | D:1      | Frozen to death by an endoplasm

Illustrated notes

Levels and vault maps discovered:
D:1:      dpeg_arrival_tiny_k, layout_loops_cross,
          ebering_ecumenical_altar_webs, serial_shops, shop,
          nicolae_shop_window_shopping, shop_fountains, nicolae_lakefront_shop

Skill      XL: |  1 |
---------------+----+-----
Unarmed Combat | 3 |  3.4
Fighting       | |  3.2
Dodging        | |  2.6
Stealth        | |  1.7

Action                   || total
-------------------------++-------
Melee: Unarmed           ||    69
       Punch             ||     2
Throw: Boomerang         ||     1
 Stab: Sleeping          ||     2
Armor: Robe              ||     8
Dodge: Dodged            ||    38
Block: Other             ||     8
